 Dungeon Crawl Stone Soup version 0.30.1 (webtiles) character file.

Game seed: 15932472672185465435

19061 Pepete the Protected (level 13, 0/78 HPs)
             Began as a Djinni Fire Elementalist on July 5, 2023.
             Was an Initiate of Gozag.
             Slain by a cane toad (10 damage)
             ... on level 3 of the Lair of Beasts on July 7, 2023.
             The game lasted 01:28:47 (30664 turns).

Pepete the Protected (Djinni Fire Elementalist)    Turns: 30664, Time: 01:28:48

Health: 0/78       AC: 30    Str:  7    XL:     13   Next: 1%
Gold:   1184       EV:  5    Int: 23    God:    Gozag SH: 11 Dex: 17

rFire   + + +        (no weapon)
rCold   x . .        A - +0 buckler
rNeg    . . .        s - +7 chain mail of Oreff {rElec rF+ Int+4 Dex+2}
rPois   ∞            r - +0 helmet
rElec   +            h - +1 cloak
rCorr   .            L - +2 pair of gloves
SInv    .            (boots unavailable)
Will    ++...        F - amulet of reflection Stlth
                     k - ring of wizardry
HPRegen 0.33/turn    E - +4 ring of protection
MPRegen 0.00/turn

%: reflection, wizardry (x1), infuse magic (-1 HP)
@: flying
A: sickness immunity, fire resistance 2, cold vulnerability 1, float, innate
caster, HP casting, extra vitality 1, dopey 1, strong-willed 1
a: Renounce Religion, Potion Petition, Call Merchant, Bribe Branch


You were on level 3 of the Lair of Beasts.
You worshipped Gozag.
Gozag was most pleased with you.
You visited 3 branches of the dungeon, and saw 17 of its levels.

You collected 1981 gold pieces.
You spent 658 gold pieces at shops.
You paid 139 gold pieces to Gozag.

Inventory:

Hand Weapons
 z - the +1 war axe of Analysis {speed, rElec Will+ rCorr Str-5}
   (You found it on level 6 of the Dungeon)

   Str:       It affects your strength (-5).
   rElec:     It insulates you from electricity.
   rCorr:     It protects you from acid and corrosion.
   Will:      It increases your willpower.
 D - the +4 great sword of Disgust {protect, Drain rPois Int-4 Dex+9}
   (You bought it in a shop on level 2 of the Dungeon)

   Int:       It affects your intelligence (-4).
   Dex:       It affects your dexterity (+9).
   rPois:     It protects you from poison.
   Drain:     It drains your maximum health when unequipped.
 H - a +1 lajatang of venom
 I - the +1 shortbow "Usiphol" {freeze, Dex+3}
   (You bought it in a shop on level 2 of the Dungeon)

   Dex:       It affects your dexterity (+3).
Missiles
 M - 5 curare-tipped darts
Armour
 f - +0 acid dragon scales
 h - a +1 cloak (worn)
 n - a +0 robe of cold resistance
 r - a +0 helmet (worn)
 s - the +7 chain mail of Oreff (worn) {rElec rF+ Int+4 Dex+2}
   (You found it on level 3 of the Dungeon)

   Int:       It affects your intelligence (+4).
   Dex:       It affects your dexterity (+2).
   rF:        It protects you from fire.
   rElec:     It insulates you from electricity.
 A - a +0 buckler (worn)
 L - a +2 pair of gloves (worn)
Jewellery
 g - a +5 ring of evasion
 i - the amulet of the Air {Inacc Air Fly rElec RMsl}
   (You found it on level 10 of the Dungeon)

   [amulet of nothing]

   Inacc:     It reduces the accuracy of your attacks and spells.
   Air:       It enhances your air magic.
   rElec:     It insulates you from electricity.
   Fly:       It grants you flight.
   RMsl:      It protects you from missiles.
 k - a ring of wizardry (left hand)
 E - a +4 ring of protection (right hand)
 F - an amulet of reflection (around neck)
Wands
 m - a wand of quicksilver (13)
 v - a wand of flame (52)
 C - a wand of iceblast (37)
 G - a wand of digging (2)
 J - a wand of charming (4)
Scrolls
 a - a scroll of enchant weapon
 b - 5 scrolls of identify
 d - 2 scrolls of poison
 e - a scroll of enchant armour
 o - 2 scrolls of immolation
 y - 2 scrolls of brand weapon
Potions
 c - a potion of brilliance
 q - a potion of degeneration
 u - 2 potions of lignification


   Skills:
 - Level 2.1 Fighting
 * Level 11.5 Armour
 - Level 3.9 Dodging
 - Level 3.1 Stealth
 * Level 6.3 Shields
 * Level 9.6 Spellcasting
 * Level 9.3 Invocations


You knew the following spells:

 Your Spells              Type           Power      Damage    Failure   Level
a - Foxfire               Conj/Fire      100%       2x1d9     2%          1
b - Scorch                Fire           100%       2d9       4%          2
c - Volatile Blastmotes   Fire/Tloc      100%       2d18      9%          3
d - Inner Flame           Hex/Fire       53%        N/A       9%          3
e - Flame Wave            Conj/Fire      53%        2d13      26%         4
f - Apportation           Tloc           100%       N/A       2%          1
g - Ensorcelled Hibernat  Hex/Ice        100%       N/A       4%          2
h - Mephitic Cloud        Conj/Pois/Air  53%        N/A       9%          3
i - Cause Fear            Hex            26%        N/A       26%         4
j - Manifold Assault      Tloc           53%        N/A       26%         4
k - Freezing Cloud        Conj/Ice/Air   26%        6-21      58%         5
Your spell library was empty.

Dungeon Overview and Level Annotations

Branches:
Dungeon (12/15)            Temple (0/1) D:4            Lair (3/5) D:11
 Shoals (0/4) Lair:2          Orc (2/2) D:9
  Snake: Lair:2-3    Spider: Lair:2-3       Elf: Orc:2

Altars:
Elyvilon
Gozag
Okawaru
Trog
The Shining One

Shops:
D:1 !   D:2 (   D:5 ?

Annotations:
D:5 1 runed translucent door, Crazy Yiuf
D:12 Jorgrun


Innate Abilities, Weirdness & Mutations

You are immune to sickness and miasma.
You are immune to poison.
Your flesh is very heat resistant. (rF++)
You are vulnerable to cold. (rC-)
You float through the air rather than walking.
You learn spells naturally, not from books.
Your magical power is your life essence.
You have superior vitality. (+4 MHP)
You are dopey. (Int -2)
You are strong-willed. (Will+)


Message History

The cane toad stings you!
* * * LOW HITPOINT WARNING * * *
The cane toad attacks as you move away! You block the cane toad's attack.
The yak attacks as you move away! The yak gores you.
* * * LOW HITPOINT WARNING * * *
The yak attacks as you move away! You block the yak's attack.
You block the cane toad's attack. The cane toad attacks as you move away!
The cane toad stings you!
* * * LOW HITPOINT WARNING * * *
The cane toad attacks as you move away!
The cane toad stings you but does no damage.
Unknown command.
Okay, then.
Okay, then.
The cane toad attacks as you move away!
The cane toad stings you but does no damage.
You block the cane toad's attack. The cane toad stings you.
* * * LOW HITPOINT WARNING * * *
The cane toad stings you but does no damage.
You block the cane toad's attack. The cane toad attacks as you move away!
You block the cane toad's attack. The yak gores you but does no damage.
There is a stone staircase leading down here.
The cane toad stings you but does no damage.
The yak gores you but does no damage.
You fly downwards.
Found a book of Conjurations.
There is a stone staircase leading up here.
The cane toad stings you but does no damage.
You block the yak's attack. You block the cane toad's attack.
The yak attacks as you move away! The yak gores you but does no damage.
An elephant comes into view.
The cane toad stings you but does no damage.
You reach down and open the door.
The cane toad stings you.
* * * LOW HITPOINT WARNING * * *
The cane toad attacks as you move away! You block the cane toad's attack.
Found 18 gold pieces and a helmet.
The cane toad stings you!
You die...
Your body crumbles into a pile of gold.

.....#[ ...
....... .Y.
....... ...
....... ..
....... #.
.....#
###.#####.....#.
#.....YF@.......
+..:..###.....P#
..P#....#
.......
....#..<#
.....#.
...#..#P# .....#
.. ###### $....#
.....# ......


You could see a yak and a cane toad.

Vanquished Creatures
  A hydra (D:10)
  Sonja (Orc:1)
  Lodul (D:11)
  2 orc knights (D:9)
  A cyclops (D:11)
  An elephant (D:11)
  A black mamba (Lair:1)
  6 cane toads
  2 komodo dragons (Lair:1)
  Maggie (Lair:2)
  A rime drake (Lair:1)
  2 tengu conjurers (D:10)
  A hornet (D:9)
  A vampire (D:10)
  2 wyverns (D:9)
  A wraith (D:10)
  19 yaks
  A basilisk (D:11)
  3 vampire mosquitoes (D:11)
  Menkaure (D:6)
  An acid dragon (D:10)
  3 water moccasins
  12 orc warriors
  4 ice beasts
  2 black bears
  3 sky beasts
  12 ogres
  5 centaurs
  3 phantoms
  A kobold brigand (D:8)
  7 bullfrogs
  2 scorpions
  3 wights (D:7)
  29 killer bees
  7 electric eels
  14 howler monkeys
  4 hounds
  11 orc priests
  3 jellies (D:5)
  A gnoll bouda (D:7)
  Jessica (D:2)
  5 iguanas
  10 orc wizards
  Robin (D:3)
  12 adders
  4 gnolls (D:7)
  A shadow imp (D:7)
  2 white imps (D:8)
  An ufetubus (D:5)
  A worm (D:2)
  A dart slug (D:3)
  54 orcs
  8 endoplasms
  4 giant cockroaches (D:3)
  14 goblins
  7 hobgoblins
  3 jackals (D:2)
  9 kobolds
  6 quokkas
  6 ball pythons
  4 bats
  6 frilled lizards
  4 rats
340 creatures vanquished.

Vanquished Creatures (collateral kills)
  5 foxfires
5 creatures vanquished.

Vanquished Creatures (others)
  1724 foxfires
1724 creatures vanquished.

Grand Total: 2069 creatures vanquished

Notes
Turn   | Place    | Note
-------+----------+-------------------------------------------
     0 | D:1      | Pepete the Djinni Fire Elementalist began the quest for the
                  | Orb.
     0 | D:1      | Pepete set off with the following spells memorised:
                  | Foxfire, Scorch, Volatile Blastmotes, Inner Flame, Flame
                  | Wave.
     0 | D:1      | Reached XP level 1. HP: 15/15 MP: 0/0
    81 | D:1      | Found Huotue's Distillery.
   217 | D:1      | Reached XP level 2. HP: 17/21 MP: 0/0
  1102 | D:1      | You are sucked into a shaft and drop 1 floor!
  1150 | D:2      | Noticed Jessica
  1157 | D:2      | Reached XP level 3. HP: 23/25 MP: 0/0
  1157 | D:2      | Learned a level 1 spell: Apportation
  1178 | D:2      | Killed Jessica
  1321 | D:2      | Found Tumaixac's Antique Weapon Emporium.
  1347 | D:2      | Reached XP level 4. HP: 28/31 MP: 0/0
  2994 | D:3      | Reached XP level 5. HP: 31/35 MP: 0/0
  2994 | D:3      | Learned a level 2 spell: Ensorcelled Hibernation
  3594 | D:3      | Noticed Robin
  3608 | D:3      | Killed Robin
  4518 | D:3      | Identified the +7 chain mail of Oreff {rElec rF+ Int+4
                  | Dex+2}
  4612 | D:4      | Noticed an ogre
  4617 | D:4      | Killed an ogre
  4618 | D:4      | Reached skill level 1 in Armour
  4618 | D:4      | Reached XP level 6. HP: 29/40 MP: 0/0
  5067 | D:4      | Reached skill level 1 in Invocations
  6088 | D:4      | Reached skill level 2 in Armour
  6279 | D:4      | Found a staircase to the Ecumenical Temple.
  6580 | D:5      | Entered Level 5 of the Dungeon
  6585 | D:5      | Reached XP level 7. HP: 41/45 MP: 0/0
  6585 | D:5      | Learned a level 3 spell: Mephitic Cloud
  6766 | D:5      | Reached skill level 3 in Armour
  6795 | D:5      | Found Juok's Magic Scroll Shop.
  7235 | D:5      | Reached XP level 8. HP: 42/50 MP: 0/0
  7522 | D:5      | HP: 2/50 [shot self (5)]
  7523 | D:5      | Reached skill level 4 in Armour
  8145 | D:5      | Reached skill level 5 in Spellcasting
  8583 | D:5      | Found a runed translucent door.
  8584 | D:5      | Noticed Crazy Yiuf
  9144 | D:6      | Identified the +1 war axe of Analysis {speed, rElec Will+
                  | rCorr Str-5}
  9173 | D:6      | Reached skill level 5 in Armour
  9718 | D:6      | Reached XP level 9. HP: 45/55 MP: 0/0
  9718 | D:6      | Learned a level 4 spell: Cause Fear
  9973 | D:6      | Noticed Menkaure
 10619 | D:6      | Killed Menkaure
 10620 | D:6      | Reached skill level 6 in Armour
 11503 | D:2      | Bought a steaming great sword for 264 gold pieces
 11503 | D:2      | Identified the +4 great sword of Disgust {protect, Drain
                  | rPois Int-4 Dex+9} (You bought it in a shop on level 2 of
                  | the Dungeon)
 12490 | D:7      | Reached skill level 7 in Armour
 12708 | D:7      | Reached skill level 5 in Invocations
 12899 | D:7      | Reached XP level 10. HP: 55/60 MP: 0/0
 13950 | D:7      | Found a white marble altar of Elyvilon.
 13950 | D:7      | Found an opulent altar of Gozag.
 13956 | D:7      | Found an iron altar of Okawaru.
 13966 | D:7      | Found a glowing golden altar of the Shining One.
 13971 | D:7      | Found a bloodstained altar of Trog.
 14295 | D:7      | Reached skill level 8 in Armour
 15995 | D:8      | Gained mutation: You are dopey. (Int -2) [potion of
                  | mutation]
 15995 | D:8      | Gained mutation: You are strong-willed. (Will+) [potion of
                  | mutation]
 15995 | D:8      | HP: 2/60 [killer bee (5)]
 17189 | D:9      | Reached skill level 9 in Armour
 17604 | D:9      | Reached XP level 11. HP: 35/65 MP: 0/0
 17604 | D:9      | Learned a level 4 spell: Manifold Assault
 18436 | D:9      | Found a staircase to the Orcish Mines.
 18540 | D:7      | Became a worshipper of Gozag Ym Sagoz the Greedy
 18616 | D:10     | Entered Level 10 of the Dungeon
 18616 | D:10     | Noticed a six-headed hydra
 18879 | D:10     | Found the amulet of the Air {Inacc Air Fly rElec RMsl}
 18960 | D:10     | Reached skill level 1 in Fighting
 18960 | D:10     | Reached skill level 1 in Shields
 19591 | D:10     | Killed a six-headed hydra
 20183 | D:2      | Bought a crystal shortbow for 184 gold pieces
 20183 | D:2      | Identified the +1 shortbow "Usiphol" {freeze, Dex+3} (You
                  | bought it in a shop on level 2 of the Dungeon)
 20417 | D:11     | Noticed a cyclops
 20428 | D:11     | Killed a cyclops
 20464 | D:11     | Noticed a boulder beetle
 20483 | D:11     | Reached skill level 10 in Armour
 22054 | Orc:1    | Entered Level 1 of the Orcish Mines
 22706 | Orc:1    | Noticed Sonja
 22709 | Orc:1    | Killed Sonja
 22868 | Orc:2    | Entered Level 2 of the Orcish Mines
 22868 | Orc:2    | Noticed an orc knight
 22871 | Orc:2    | Noticed an orc knight
 23096 | Orc:2    | Noticed an orc warlord
 23511 | D:9      | Killed an orc knight
 24741 | D:9      | Killed an orc knight
 24742 | D:9      | Reached XP level 12. HP: 49/74 MP: 0/0
 24896 | D:5      | Bought a scroll of enchant armour for 105 gold pieces
 24896 | D:5      | Bought a scroll of blinking for 105 gold pieces
 25448 | D:11     | Found a staircase to the Lair.
 25942 | D:11     | Noticed Lodul
 25963 | D:11     | HP: 2/74 [Lodul/bolt of lightning (6)]
 25964 | D:11     | Killed Lodul
 25969 | D:12     | Noticed Jorgrun
 26503 | Lair:1   | Entered Level 1 of the Lair of Beasts
 26693 | Lair:1   | Reached skill level 5 in Shields
 26720 | Lair:1   | Reached skill level 11 in Armour
 29831 | Lair:2   | Found a dark tunnel.
 30310 | Lair:2   | Noticed Maggie
 30318 | Lair:2   | Killed Maggie
 30506 | Lair:2   | Reached XP level 13. HP: 54/78 MP: 0/0
 30506 | Lair:2   | Learned a level 5 spell: Freezing Cloud
 30664 | Lair:3   | Slain by a cane toad

Illustrated notes

Levels and vault maps discovered:
D:1:      psy_arrival_radial01, layout_basic, serial_shops,
          nicolae_shop_industrial_runoff
D:2:      layout_basic, serial_shops, nicolae_shop_tiny_real_fake_doors,
          uniq_jessica
D:3:      minmay_octagon_keep, layout_loops_ring, grunt_ministairs_1,
          amethyst_killhole, minmay_misc_feat_alley, uniq_robin
D:4:      layout_basic, minmay_temple_entry_proselytizer
D:5:      layout_rooms, serial_shops, nicolae_lakefront_shop,
          grunt_ministairs_7, kennysheep_small_circle, uniq_crazy_yiuf_cottage
D:6:      dreamdust_elfheim, layout_loops_ring, serial_bayou_lagoon_a,
          serial_bayou_lake_a, uniq_menkaure
D:7:      nicolae_BIG_FREAKIN_CUBE, layout_layer_cave,
          nicolae_overflow_hallway_of_the_gods
D:8:      layout_cave_pools, fiery_altar_vehumet
D:9:      layout_basic, erik_orc_2
D:10:     hellmonk_ruined_rings, layout_long_grid
D:11:     layout_big_octagon, david_lair_generic, uniq_lodul
D:12:     layout_long_grid, uniq_erolcha, uniq_nessos, uniq_jorgrun
Lair:1:   layout_loops_ring, nicolae_quartered_pool_medium, serial_bayou_pond_b,
          minivault_11, cheibrodos_lair_caveside_slide
Lair:2:   layout_roguey, elwin_shoals_entry_stream, enter_volcano_2,
          beast_lair_carwin_4, lemuel_fruit_fields, infiniplex_staircase_pool,
          uniq_maggie
Lair:3:   layout_regular_city, spider_nest_entry_a, gammafunk_ghost_hive,
          basic_altar, grunt_megastairs_5
Orc:1:    layout_caves, uniq_sonja
Orc:2:    st_orc_rangers, layout_caves

Skill      XL: |  1  2  3  4  5  6  7  8  9 10 11 12 |
---------------+-------------------------------------+-----
Stealth        | 2 3 |  3.1
Dodging        | 3 |  3.9
Spellcasting   | 3 4 5 6 8 9 |  9.6
Armour         | 1 2 3 5 7 9 10 11 | 11.5
Invocations    | 1 2 3 5 6 7 9 |  9.3
Fighting       | 2 |  2.1
Shields        | 3 6 |  6.3

Action                     |  1- 3 |  4- 6 |  7- 9 | 10-12 | 13-15 || total
---------------------------+-------+-------+-------+-------+-------++-------
   Cast: Foxfire           |    74 |   337 |   205 |   520 |     7 ||  1143
         Scorch            |     1 |     3 |    36 |   176 |     6 ||   222
         Volatile Blastmot |       |     5 |    12 |    97 |       ||   114
         Flame Wave        |       |       |       |       |     1 ||     1
  Evoke: Wand              |       |       |       |     4 |       ||     4
    Use: Scroll            |       |     1 |    13 |    22 |       ||    36
         Potion            |       |       |     1 |    10 |       ||    11
 Armour: Robe              |       |    13 |    12 |    10 |       ||    35
         Chain mail        |       |       |       |   173 |    21 ||   194
  Dodge: Dodged            |     2 |    35 |    70 |    90 |     3 ||   200
  Block: Other             |       |       |       |    37 |       ||    37
         Buckler           |       |       |       |    79 |    15 ||    94
         Reflection        |       |       |       |    16 |       ||    16
